 Dungeon Crawl Stone Soup version 0.24-a0-417-g1cce26a (webtiles) character file.

Game seed: 1557828034297623978

1632 Deathlysoul the Skirmisher (level 8, 0/73 HPs)
             Began as a Minotaur Fighter on June 10, 2019.
             Slain by a centaur (1 damage)
             ... on level 7 of the Dungeon.
             The game lasted 00:05:44 (5188 turns).

Deathlysoul the Skirmisher (Minotaur Fighter)       Turns: 5188, Time: 00:05:45

Health: 0/73       AC:  8    Str: 24    XL:     8   Next: 66%
Magic:  7/7        EV: 13    Int:  5    God:
Gold:   339        SH: 12    Dex: 19    Spells: 7/7 levels left

rFire    . . .     SeeInvis .   s - +0 trident of Ytugut {pierce, Str+3 Dex+7} (curse)
rCold    . . .     Gourm    .   c - +0 shield
rNeg     . . .     Faith    .   E - +1 ring mail {rPois}
rPois    +         Spirit   .   (helmet restricted)
rElec    .         Reflect  .   (no cloak)
rCorr    .         Harm     .   (no gloves)
MR       .....                  p - +0 pair of boots
Stlth    +.........             (no amulet)
HPRegen  0.22/turn              (no ring)
MPRegen  0.10/turn              (no ring)

@: no status effects
A: retaliatory headbutt, horns 2
a: no special abilities


You were on level 7 of the Dungeon.
You were not hungry.

You visited 1 branch of the dungeon, and saw 7 of its levels.

You collected 339 gold pieces.

Inventory:

Hand Weapons
 a - a +0 war axe
 s - the cursed +0 trident of Ytugut (weapon) {pierce, Str+3 Dex+7}
   (You found it on level 4 of the Dungeon)

   It inflicts extra damage upon your enemies.
   It affects your strength (+3).
   It affects your dexterity (+7).
   It has a curse placed upon it.
Armour
 c - a +0 shield (worn)
 p - a +0 pair of boots (worn)
 E - a +1 ring mail of poison resistance (worn)
Jewellery
 g - a +2 ring of protection {unknown}
 i - a +2 ring of intelligence {unknown}
 m - a cursed amulet of inaccuracy {unknown}
 t - an uncursed ring of protection from magic {unknown}
Wands
 b - a wand of disintegration (15)
 v - a wand of acid (9)
 w - a wand of flame (14)
 C - a wand of digging (12)
Scrolls
 e - 3 scrolls of teleportation {unknown}
 h - 2 scrolls of random uselessness {unknown}
 j - 2 scrolls of fear {unknown}
 k - 2 scrolls of remove curse {unknown}
 n - 2 scrolls of enchant weapon {unknown}
 o - 6 scrolls of identify {unknown}
 q - a scroll of enchant armour {unknown}
 y - a scroll of amnesia {unknown}
 A - 2 scrolls of magic mapping {unknown}
Potions
 d - a potion of might
 l - 2 potions of degeneration {unknown}
 r - 3 potions of curing {unknown}
 u - a potion of heal wounds {unknown}
 x - 2 potions of ambrosia {unknown}
 z - 2 potions of lignification {unknown}
 D - a potion of haste {unknown}
Comestibles
 f - 8 rations


   Skills:
 * Level 7.0 Fighting
 * Level 6.3 Axes
 * Level 6.8 Armour
 * Level 5.1 Dodging
 * Level 6.9 Shields


You had 7 spell levels left.
You didn't know any spells.
Your spell library was empty.

Dungeon Overview and Level Annotations

Branches:
Dungeon (7/15)
 Temple: D:4-7

Altars:
Ashenzari
Cheibriados
Sif Muna
Trog
Uskayaw
Yredelemnul

Shops:
D:5 :   D:6 !


Innate Abilities, Weirdness & Mutations

You reflexively headbutt those who attack you in melee.
You have a pair of horns on your head.


Message History

You miss the killer bee.
The killer bee is lightly wounded.
You block the killer bee's attack. x2; The killer bee barely misses you.
You furiously retaliate!
You headbutt the killer bee. You barely miss the killer bee.
You headbutt the killer bee.
The killer bee is heavily wounded.
You block the killer bee's attack. The killer bee closely misses you.
You furiously retaliate!
You headbutt the killer bee. You hit the killer bee.
Your headbutt misses the killer bee.
The killer bee is severely wounded.
You block the killer bee's attack. The killer bee stings you.
* * * LOW HITPOINT WARNING * * *
You puncture the killer bee!
You kill the killer bee!
You hit the centaur. You headbutt the centaur!
The centaur is almost dead.
The centaur unwields a +0 shortbow.
The centaur hits you.
* * * LOW HITPOINT WARNING * * *
The centaur hits you.
You die...

##........ #
#........ .
#!#.......###..##
#...............
#.......# .#
#.......####)#
#.......##...
#....<.†##.###
#####.†(...c@#
##########


You could see a centaur.

Vanquished Creatures
  Prince Ribbit (D:5)
  2 phantoms (D:4)
  2 ogres (D:6)
  A centaur (D:2)
  A bullfrog (D:6)
  A scorpion (D:4)
  6 killer bees (D:7)
  2 jellies (D:3)
  A hound (D:5)
  A centaur skeleton (D:6)
  5 worker ants
  A killer bee zombie (D:6)
  Robin (D:4)
  8 gnolls
  11 adders
  A shadow imp (D:4)
  10 oozes (D:3)
  An adder zombie (D:5)
  4 worms (D:2)
  2 dart slugs
  4 leopard geckos
  4 orcs
  6 giant cockroaches
  19 goblins
  9 hobgoblins
  12 kobolds
  5 quokkas
  3 ball pythons
  5 bats
  4 frilled lizards
  A giant cockroach zombie (D:5)
  A jackal skeleton (D:4)
  A leopard gecko skeleton (D:4)
  10 rats
  A fungus (D:3)
147 creatures vanquished.

Vanquished Creatures (others)
  8 toadstools (D:3)
8 creatures vanquished.

Grand Total: 155 creatures vanquished

Notes
Turn   | Place    | Note
-------+----------+-------------------------------------------
     0 | D:1      | Deathlysoul the Minotaur Fighter began the quest for the
                  | Orb.
     0 | D:1      | Reached XP level 1. HP: 19/19 MP: 0/0
    63 | D:1      | Reached XP level 2. HP: 27/27 MP: 1/1
   271 | D:1      | Reached skill level 1 in Dodging
   513 | D:2      | Reached skill level 4 in Fighting
   513 | D:2      | Reached XP level 3. HP: 30/33 MP: 2/2
   857 | D:2      | Reached XP level 4. HP: 37/40 MP: 3/3
   928 | D:2      | Noticed a centaur
   937 | D:2      | Killed a centaur
   937 | D:2      | Reached XP level 5. HP: 32/47 MP: 4/4
  1757 | D:2      | Found a snail-covered altar of Cheibriados.
  1757 | D:2      | Found a deep blue altar of Sif Muna.
  1765 | D:2      | Found a shattered altar of Ashenzari.
  1768 | D:2      | Found a faded altar of an unknown god.
  1770 | D:2      | Found a faded altar of an unknown god.
  2078 | D:3      | Reached XP level 6. HP: 46/55 MP: 5/5
  2083 | D:3      | Reached skill level 5 in Fighting
  2087 | D:3      | Reached skill level 5 in Armour
  2087 | D:3      | Reached skill level 5 in Shields
  2887 | D:4      | Noticed Robin
  2897 | D:4      | Killed Robin
  2989 | D:4      | Reached XP level 7. HP: 43/61 MP: 6/6
  3395 | D:4      | Found a bloodstained altar of Trog.
  3411 | D:4      | Reached skill level 5 in Axes
  3689 | D:4      | Got a pitted trident
  3820 | D:4      | Identified the cursed +0 trident of Ytugut {pierce, Str+3
                  | Dex+7} (You found it on level 4 of the Dungeon)
  3822 | D:5      | Entered Level 5 of the Dungeon
  3976 | D:5      | Noticed Prince Ribbit
  3989 | D:5      | Killed Prince Ribbit
  3989 | D:5      | Reached skill level 6 in Fighting
  3989 | D:5      | Reached XP level 8. HP: 52/70 MP: 7/7
  4150 | D:5      | Found a hide-covered altar of Uskayaw.
  4354 | D:5      | Found Hokiutoj's Book Shoppe.
  4590 | D:5      | Found a basalt altar of Yredelemnul.
  4990 | D:6      | Found Hele's Distillery.
  5176 | D:7      | Reached skill level 5 in Dodging
  5182 | D:7      | Reached skill level 7 in Fighting
  5188 | D:7      | HP: 1/73 [centaur (4)]
  5188 | D:7      | Slain by a centaur

Levels and vault maps discovered:
D:1:      minmay_arrival_four_circles, layout_basic
D:2:      layout_loops_ring, chequers_temple_overflow_minitemple,
          skrybe_limestone_x, minmay_misc_feat_enclosed
D:3:      cheibrodos_fertilizer, layout_basic, nicolae_overflow_hidden_temple
D:4:      layout_basic, lemuel_crystal_altar, kennysheep_doodads, uniq_robin
D:5:      layout_layer_cave, eat_drink_and_be_merry_uskayaw, lemuel_round_altar,
          first_ration, serial_shops, kennysheep_mini, uniq_prince_ribbit1
D:6:      layout_cave_pools, serial_shops, nicolae_shop_statue_plus,
          chequers_serial_rivers_small_b
D:7:      layout_basic, minmay_temple_entry_glassed_door, grunt_ogre_cave,
          uniq_menkaure

Skill      XL: |  1  2  3  4  5  6  7  8 |
---------------+-------------------------+-----
Dodging        | 1 2 3 4 5 |  5.1
Fighting       | 4 5 6 7 |  7.0
Axes           | 3 4 5 6 |  6.3
Armour         | 4 5 6 |  6.8
Shields        | 4 5 6 |  6.9

Action                   |  1- 3 |  4- 6 |  7- 9 || total
-------------------------+-------+-------+-------++-------
Melee: War axe           |    86 |   194 |    54 ||   334
       Headbutt          |     7 |    34 |    26 ||    67
       Trident           |       |       |    67 ||    67
  Eat: Chunk             |       |     7 |     7 ||    14
Armor: Scale mail        |    36 |    93 |    18 ||   147
       Ring mail         |       |       |    28 ||    28
Dodge: Dodged            |    36 |    76 |    69 ||   181
Block: Shield            |    56 |   107 |    99 ||   262

Table legend:
 A = Non-vault XP
 B = Vault XP
 C = Vault XP percentage of total XP
 D = Non-vault monster count
 E = Vault monster count
 F = Vault count percentage of total count
                 A         B        C        D         E       F
            +---------+---------+-------+---------+---------+-------
      Total |    1838 |     494 |  21.2 |     116 |      30 |  20.5
            +---------+---------+-------+---------+---------+-------
        D:1 |      35 |       0 |   0.0 |      21 |       0 |   0.0
        D:2 |     272 |       0 |   0.0 |      31 |       0 |   0.0
        D:3 |     104 |     159 |  60.5 |      22 |      18 |  45.0
        D:4 |     529 |      35 |   6.2 |      20 |      11 |  35.5
        D:5 |      93 |     300 |  76.3 |       6 |       1 |  14.3
        D:6 |     438 |       0 |   0.0 |      10 |       0 |   0.0
        D:7 |     367 |       0 |   0.0 |       6 |       0 |   0.0
            +---------+---------+-------+---------+---------+-------
